 Dungeon Crawl Stone Soup version 0.29.1-12-g30fa7ad0bf (webtiles) character file.

Game seed: 1230848957618234259

1343 fantasyman the Covered (level 8, -7/63 HPs)
             Began as a Formicid Fighter on Dec 28, 2022.
             Killed by divine providence
             ... invoked by an orc priest
              (9 damage)
             ... on level 6 of the Dungeon.
             The game lasted 00:07:19 (7034 turns).

fantasyman the Covered (Formicid Fighter)           Turns: 7034, Time: 00:07:20

Health: -7/63      AC: 15    Str: 24    XL:     8   Next: 93%
Magic:  0/8        EV:  7    Int:  7    God:
Gold:   365        SH:  0    Dex: 13    Spells: 7/7 levels left

rFire   . . .      SeeInvis +   h - +0 giant spiked club
rCold   . . .      Faith    .   (shield currently unavailable)
rNeg    . . .      Spirit   +   n - +1 plate armour
rPois   .          Reflect  .   (helmet unavailable)
rElec   .          Harm     .   (no cloak)
rCorr   .          Rampage  .   m - +0 pair of gloves
Will    .....                   (no boots)
Stlth   ..........              b - amulet of guardian spirit
HPRegen 0.20/turn               (no ring)
MPRegen 0.11/turn               (no ring)

@: mighty
A: permanent stasis, dig shafts and tunnels, antennae 3, four strong arms
a: Dig, Shaft Self


You were on level 6 of the Dungeon.
You visited 1 branch of the dungeon, and saw 6 of its levels.

You collected 365 gold pieces.

Inventory:

Hand Weapons
 a - a +0 war axe of freezing
 h - a +0 giant spiked club (weapon)
Armour
 m - a +0 pair of gloves (worn)
 n - a +1 plate armour (worn)
Jewellery
 b - an amulet of guardian spirit (around neck)
Wands
 f - a wand of flame (10)
 k - a wand of mindburst (19)
 p - a wand of charming (7)
Scrolls
 c - a scroll of identify
 t - a scroll of enchant armour
Potions
 e - 2 potions of curing
 g - a potion of berserk rage
 i - 4 potions of heal wounds
 j - 2 potions of invisibility {unknown}
 l - a potion of attraction {unknown}
 q - a potion of degeneration {unknown}


   Skills:
 + Level 5.6 Fighting
 - Level 6.3(6.5) Axes
 * Level 2.1(4.5) Maces & Flails
 + Level 7.0 Armour
 - Level 6.0 Shields


You had 7 spell levels left.
You didn't know any spells.
Your spell library was empty.

Dungeon Overview and Level Annotations

Branches:
Dungeon (6/15)             Temple (0/1) D:5

Altars:
Cheibriados
Elyvilon

Shops:
D:4 =   D:5 :


Innate Abilities, Weirdness & Mutations

You cannot be hasted, slowed, berserked, paralysed or teleported.
You can dig through walls and to a lower floor.
You have a pair of large antennae on your head. (SInv)
Your four strong arms can wield two-handed weapons with a shield.


Message History

The orc warrior closely misses you.
You closely miss the orc warrior.
The orc warrior is lightly wounded.
The orc warrior closely misses you. The orc warrior barely misses you.
You bludgeon the orc warrior!!
The orc warrior is almost dead.
The orc warrior hits you with a +0 dire flail.
You puncture the orc warrior!
You kill the orc warrior!
The gnoll hits you but does no damage.
An orc priest comes into view. It is wielding a +1 vorpal flail.
Your base Maces & Flails skill increases to level 2!
Your Armour skill increases to level 7!
The orc priest shouts!
You bludgeon the gnoll!!
You kill the gnoll!
The orc warrior hits you but does no damage.
You barely miss the orc warrior.
The orc warrior hits you but does no damage.
You closely miss the orc warrior.
The orc warrior hits you with a +0 dire flail! x2
The orc priest invokes the aid of Beogh against you.
Beogh smites you!
* * * LOW HITPOINT WARNING * * *
You hear a shout!
You closely miss the orc warrior.
The orc warrior hits you but does no damage.
You closely miss the orc warrior.
The orc warrior hits you but does no damage. x2
You closely miss the orc warrior.
The orc warrior hits you but does no damage.
You closely miss the orc warrior.
The orc priest looks braver for a moment.
The orc warrior hits you with a +0 dire flail!
* * * LOW HITPOINT WARNING * * *
The orc warrior hits you with a +0 dire flail.
* * * LOW HITPOINT WARNING * * *
The orc priest calls down the wrath of Beogh upon you.
Beogh smites you!
You die...

*,,,,,,..# *,**##*#.# *,*,,.,#.#
*,*,*#.#.# *,*,*,.#.#######***
**,*,*,,.........,,* ##
*****,,,,,,,#).{.....,,* #.
*~~~**,,,,,,#o##################.
~~,~~**,>,*,#ogo@................
~,,,~~*#.....o##################.
,,,,,~~##...#.{,,,,,,,,,,,,,,,,#.
,,,,,,~~##....#*****,,,****##*,#.
,~,~,,,~~##...#** *,,,,<,,...,#.
~,,,~,,,~~##...,* *,,,*,,,,#..#.
,,,,,~,,,~~##.#,****,,,*,*{{#..#.
,,,,,,*,*,,+..*,,,,,,,,,,,,......
,,,,,~,,,~~*,,,,,,,,,*,*,,,....#.


You could see an orc warrior, 2 orc priests, a gnoll and an orc.

Vanquished Creatures
  A water moccasin (D:6)
  2 black bears
  An orc warrior (D:6)
  An ogre (D:6)
  A centaur (D:5)
  A phantom (D:4)
  A necrophage (D:6)
  3 scorpions
  A howler monkey (D:3)
  A jelly (D:5)
  Crazy Yiuf (D:5)
  3 orc priests
  A hound (D:3)
  An iguana (D:5)
  2 orc wizards
  6 gnolls
  5 adders
  A white imp (D:5)
  An ufetubus (D:5)
  3 worms
  2 dart slugs (D:2)
  15 orcs
  5 endoplasms
  8 goblins
  7 hobgoblins
  2 jackals (D:3)
  A quokka (D:4)
  4 ball pythons
  5 bats
  4 frilled lizards
  6 kobolds
  4 rats
100 creatures vanquished.

Notes
Turn   | Place    | Note
-------+----------+-------------------------------------------
     0 | D:1      | fantasyman the Formicid Fighter began the quest for the
                  | Orb.
     0 | D:1      | Reached XP level 1. HP: 18/18 MP: 1/1
   429 | D:1      | Reached XP level 2. HP: 20/24 MP: 2/2
  1513 | D:2      | Found a snail-covered altar of Cheibriados.
  1801 | D:2      | Reached XP level 3. HP: 29/29 MP: 3/3
  2636 | D:3      | Reached skill level 4 in Armour
  2636 | D:3      | Reached XP level 4. HP: 10/37 MP: 4/4
  2752 | D:3      | Reached XP level 5. HP: 20/42 MP: 5/5
  3161 | D:3      | Identified the +2 robe of Qazlal's Hope {rC- rCorr Str+5}
  3575 | D:3      | Reached XP level 6. HP: 21/48 MP: 6/6
  4071 | D:3      | Found a white marble altar of Elyvilon.
  4127 | D:4      | Noticed a black bear
  4142 | D:3      | Killed a black bear
  4143 | D:3      | Reached skill level 5 in Shields
  4532 | D:4      | Reached skill level 5 in Armour
  4647 | D:4      | Reached XP level 7. HP: 54/54 MP: 7/7
  4817 | D:4      | Found Soodar's Jewellery Shop.
  5023 | D:5      | Entered Level 5 of the Dungeon
  5034 | D:5      | Reached skill level 5 in Axes
  5072 | D:5      | Found a runed translucent door.
  5073 | D:5      | Noticed Crazy Yiuf
  5079 | D:5      | Killed Crazy Yiuf
  5085 | D:5      | Identified the +6 hammer "Zifaz" {antimagic, rPois}
  5679 | D:5      | Reached XP level 8. HP: 61/61 MP: 2/8
  5688 | D:5      | Found Sellexi's Self-Improvement Boutique.
  5694 | D:5      | Reached skill level 6 in Armour
  5935 | D:5      | Reached skill level 5 in Fighting
  5949 | D:5      | Found a staircase to the Ecumenical Temple.
  6963 | D:6      | Reached skill level 1 in Maces & Flails
  7028 | D:6      | Reached skill level 7 in Armour
  7034 | D:6      | HP: 3/63 [orc warrior/+0 dire flail (9)]
  7034 | D:6      | Killed from afar by an orc priest

Illustrated notes

Levels and vault maps discovered:
D:1:      roderic_octagonal_star, layout_loops_cross
D:2:      minmay_chambers_of_twos, layout_basic, basic_altar, nicolae_wormholes
D:3:      layout_basic, nicolae_overflow_hidden_temple
D:4:      layout_rooms, serial_shops, nicolae_take_the_stairs, dk_noncrumbling_4
D:5:      layout_cave_pools, minmay_temple_entry_mini_moons,
          dreamdust_wishing_well, nicolae_shop_self_help,
          uniq_crazy_yiuf_cottage
D:6:      layout_basic, chequers_temple_overflow_minitemple, kennysheep_diamond,
          uniq_grinder

Skill      XL: |  1  2  3  4  5  6  7  8 |
---------------+-------------------------+-----
Axes           | 3 4 5 6 |  6.3
Armour         | 4 5 7 |  7.0
Fighting       | 4 5 |  5.6
Shields        | 5 6 |  6.0
Maces & Flails | 2 |  2.1

Action                   |  1- 3 |  4- 6 |  7- 9 || total
-------------------------+-------+-------+-------++-------
Melee: War axe           |    75 |    93 |    20 ||   188
       Mace              |       |       |    83 ||    83
       Giant spiked club |       |       |    22 ||    22
  Use: Scroll            |     7 |     2 |     2 ||    11
       Potion            |       |       |     5 ||     5
Armor: Scale mail        |    13 |       |       ||    13
       Plate armour      |    30 |    73 |   111 ||   214
Dodge: Dodged            |    18 |    36 |    55 ||   109
Block: Buckler           |    17 |    36 |    36 ||    89
